 Dungeon Crawl Stone Soup version 0.31.0-11-ge490571c62 (webtiles) character file.

Game seed: 14866341237318446662

218 qw the Skirmisher (level 5, -4/30 HPs)
             Began as a Deep Elf Hunter on Feb 4, 2024.
             Killed by nerve-wracking pain
             ... invoked by an orc priest
              (7 damage)
             ... on level 4 of the Dungeon.
             The game lasted 00:00:09 (2246 turns).

qw the Skirmisher (Deep Elf Hunter)                 Turns: 2246, Time: 00:00:09

Health: -4/30      AC:  7    Str: 10    XL:     5   Next: 63%
Magic:  7/7        EV: 11    Int: 14    God:
Gold:   186        SH:  0    Dex: 18    Spells: 4/4 levels left

rFire   . . .        a - +1 shortbow
rCold   + . .        (shield currently unavailable)
rNeg    . . .        l - +0 ring mail
rPois   .            (no helmet)
rElec   .            (no cloak)
rCorr   .            b - +1 pair of gloves
SInv    .            (no boots)
Will    .....        (no amulet)
Stlth   +            k - ring of protection from cold
HPRegen 0.25/turn    (no ring)
MPRegen 0.10/turn

%: no passive effects
@: no status effects
A: no striking features
a: no special abilities


You were on level 4 of the Dungeon.
You visited 1 branch of the dungeon, and saw 4 of its levels.

You collected 207 gold pieces.
You spent 21 gold pieces at shops.


   Skills:
 + Level 1.8 Fighting
 - Level 9.1 Ranged Weapons
 - Level 2.4 Dodging
 - Level 1.2 Stealth


You had 4 spell levels left.
You didn't know any spells.
Your spell library was empty.

Inventory:

Hand Weapons
 a - a +1 shortbow (weapon)
Armour
 b - a +1 pair of gloves (worn)
 c - the +0 pair of boots of Limitation {Harm *Corrode MP+9 Slay+5}
   (You acquired it on level 2 of the Dungeon)

   Slay+5:    It affects your accuracy & damage with ranged weapons and melee
   (+5).
   MP+9:      It affects your magic capacity (+9).
   *Corrode:  It may corrode you when you take damage.
   Harm:      It increases damage dealt and taken.
 l - a +0 ring mail (worn)
Jewellery
 e - a ring of fire
 k - a ring of protection from cold (left hand)
Scrolls
 d - a scroll of silence {unknown}
Potions
 g - 4 potions of curing
 i - a potion of mutation
 m - a potion of haste {unknown}

Dungeon Overview and Level Annotations

Branches:
Dungeon (4/15)
 Temple: D:4-7

Altars:
Yredelemnul

Shops:
D:1 [=*


Message History

The orc priest calls down the wrath of Beogh upon you.
Beogh smites you!
The orc priest calls down the wrath of Beogh upon you.
Pain shoots through your body!
You shoot an arrow.
The arrow closely misses the orc priest.
The orc priest hits you with a +0 whip.
The orc priest hits you but does no damage.
You shoot an arrow.
The arrow closely misses the orc priest.
The orc priest hits you with a +0 whip. The orc priest hits you with a +0 club.
You shoot an arrow.
The arrow closely misses the orc priest.
The orc priest completely misses you.
The orc priest hits you but does no damage.
You shoot an arrow.
The arrow closely misses the orc priest.
The orc priest hits you with a +0 whip.
The orc priest hits you but does no damage.
You shoot an arrow. The arrow hits the orc priest.
The orc priest is moderately wounded.
The orc priest hits you with a +0 whip.
The orc priest calls down the wrath of Beogh upon you.
Pain shoots through your body!
You shoot an arrow.
The arrow hits the orc priest but does no damage.
The orc priest is moderately wounded.
The orc priest casts a cantrip, but nothing happens.
The orc priest hits you but does no damage.
You shoot an arrow. The arrow barely misses the orc priest.
The orc priest closely misses you. The orc priest barely misses you.
You shoot an arrow.
The arrow hits the orc priest but does no damage.
The orc priest is moderately wounded.
The orc priest barely misses you. x4
You shoot an arrow. The arrow hits the orc priest!
The orc priest is almost dead.
The orc priest invokes the aid of Beogh against you.
Pain shoots through your body!
You die...

##.........#.....####
..........
...........#........#
..........
...........#(.......#
..........
....................#
..........
.........#####......#
..........
........##$$.##...###
.......###
........#$8$8.#...#
.......
).......#_...ooo..###..
........# #@.......
........## ##........
.........#####.........
.......................
.......?...............
.......###....#........
.###... #..............
#... #............##
#... #............#


You could see 2 orc priests and an orc.

Vanquished Creatures
  A black bear (D:4)
  An iguana (D:3)
  6 adders
  A ribbon worm (D:2)
  2 dart slugs (D:1)
  2 orcs (D:4)
  5 endoplasms
  A giant cockroach (D:1)
  3 goblins
  5 hobgoblins
  7 kobolds
  2 quokkas
  3 ball pythons
  2 bats
  2 frilled lizards
  3 rats
46 creatures vanquished.

Notes
Turn   | Place    | Note
-------+----------+-------------------------------------------
     0 | D:1      | qw the Deep Elf Hunter began the quest for the Orb.
     0 | D:1      | Reached XP level 1. HP: 12/12 MP: 3/3
     0 | D:1      | 0 ||| qw: Version: 0.3-a-160-g6735b56
     0 | D:1      | 0 ||| qw: Game counter: 4711
     0 | D:1      | 0 ||| qw: Melee chars always use a shield: true
     0 | D:1      | 0 ||| qw: God list: Okawaru
     0 | D:1      | 0 ||| qw: Allow faded altars: false
     0 | D:1      | 0 ||| qw: Do Orc after clearing Dungeon:15 true
     0 | D:1      | 0 ||| qw: Do second Lair branch before Depths: true
     0 | D:1      | 0 ||| qw: Lair rune preference: random
     0 | D:1      | 0 ||| qw: Goals: Normal
     0 | D:1      | 0 ||| PLANNING D:1-11
   104 | D:1      | Found Peraom's Assorted Antiques.
   109 | D:1      | 109 ||| SHOPLISTING blackened wooden wand (96 gold, have
                  | 27).
   109 | D:1      | 109 ||| SHOPLISTING coral ring (120 gold, have 27).
   109 | D:1      | 109 ||| BUYING inky potion (21 gold).
   109 | D:1      | Bought an inky potion for 21 gold pieces
   109 | D:1      | 109 ||| SHOPLISTING pair of gloves (108 gold, have 6).
   109 | D:1      | 109 ||| SHOPLISTING red potion (21 gold, have 6).
   109 | D:1      | 109 ||| SHOPLISTING sapphire potion (21 gold, have 6).
   109 | D:1      | 109 ||| SHOPLISTING scroll labelled HOINTE LEDDAC (24 gold,
                  | have 6).
   109 | D:1      | 109 ||| SHOPLISTING scroll labelled ISUCLA AREKI (24 gold,
                  | have 6).
   109 | D:1      | 109 ||| SHOPLISTING scroll labelled LYH GAULIENAZE (24
                  | gold, have 6).
   109 | D:1      | 109 ||| SHOPLISTING scroll labelled VOIZECWYSI (24 gold,
                  | have 6).
   261 | D:1      | Found Umarypto's Jewellery Shoppe.
   269 | D:1      | 269 ||| SHOPLISTING +6 ring of dexterity (468 gold, have
                  | 6).
   269 | D:1      | 269 ||| SHOPLISTING amulet of faith (520 gold, have 6).
   269 | D:1      | 269 ||| SHOPLISTING amulet of guardian spirit (390 gold,
                  | have 6).
   341 | D:1      | Found Agaliuwet's Antique Armour Emporium.
   351 | D:1      | HP: 1/12 [dart slug/slug dart (3)]
   407 | D:1      | 407 ||| SHOPLISTING glowing cloak (217 gold, have 27).
   407 | D:1      | 407 ||| SHOPLISTING runed ring mail (203 gold, have 27).
   407 | D:1      | 407 ||| SHOPLISTING scale mail (116 gold, have 27).
   407 | D:1      | 407 ||| SHOPLISTING scorched scale mail (261 gold, have
                  | 27).
   414 | D:1      | Reached skill level 6 in Ranged Weapons
   414 | D:1      | Reached XP level 2. HP: 16/16 MP: 4/4
   468 | D:1      | Found a faded altar of an unknown god.
   771 | D:1      | 771 ||| UPGRADING to +0 ring mail.
   781 | D:1      | 781 ||| DROPPING +0 leather armour.
   782 | D:1      | 782 ||| UPGRADING to ring of protection from cold.
   783 | D:1      | 783 ||| READING 2 scrolls labelled QYISCH DOLUWAENLEA.
   783 | D:1      | 783 ||| IDENTIFYING inky potion
   784 | D:1      | 784 ||| READING scroll of identify.
   784 | D:1      | 784 ||| IDENTIFYING sapphire potion
   785 | D:1      | 785 ||| READING scroll labelled HAIBES MINUAG.
   786 | D:1      | 786 ||| READING scroll labelled LYH GAULIENAZE.
   790 | D:1      | 790 ||| READING scroll labelled YTIPAE UBEJUJI.
   891 | D:1      | 891 ||| READING scroll labelled YMMIKU YROP.
   891 | D:1      | 891 ||| ENCHANTING +0 shortbow.
   892 | D:1      | 892 ||| DROPPING scroll of butterflies.
   948 | D:2      | Reached XP level 3. HP: 20/20 MP: 5/5
  1046 | D:2      | Reached skill level 7 in Ranged Weapons
  1241 | D:2      | Found Usseot's Book Shop.
  1330 | D:2      | 1330 ||| READING scroll of identify.
  1330 | D:2      | 1330 ||| IDENTIFYING bubbling puce potion
  1331 | D:2      | 1331 ||| READING scroll labelled WAD YWKUEMICS.
  1331 | D:2      | Identified a scroll of acquirement
  1331 | D:2      | 1331 ||| ACQUIRING +0 pair of boots of Limitation {Harm
                  | *Corrode MP+9 Slay+5}
  1331 | D:2      | Acquired the +0 pair of boots of Limitation {Harm *Corrode
                  | MP+9 Slay+5}
  1333 | D:2      | 1333 ||| DROPPING potion of brilliance.
  1382 | D:3      | Reached XP level 4. HP: 25/25 MP: 6/6
  1556 | D:3      | Reached skill level 8 in Ranged Weapons
  1688 | D:3      | Found a basalt altar of Yredelemnul.
  1893 | D:3      | 1893 ||| UPGRADING to +0 pair of gloves.
  1898 | D:3      | 1898 ||| DROPPING amulet of magic regeneration.
  1899 | D:3      | 1899 ||| READING scroll labelled CEKIN GEHOUHIGOSO.
  1899 | D:3      | 1899 ||| ENCHANTING +0 pair of gloves.
  1900 | D:3      | 1900 ||| READING scroll labelled ISUCLA AREKI.
  1902 | D:3      | 1902 ||| Stepping ~*~*~tactically~*~*~ (cloud).
  1905 | D:3      | HP: 5/25 [poisoned by you (poison gas)]
  1909 | D:3      | HP: 2/25 [poisoned by you (poison gas)]
  2109 | D:4      | Noticed a black bear
  2116 | D:4      | 2116 ||| RETREEEEATING.
  2118 | D:4      | 2118 ||| RETREEEEATING.
  2119 | D:4      | 2119 ||| RETREEEEATING.
  2121 | D:4      | Killed a black bear
  2122 | D:4      | Reached skill level 9 in Ranged Weapons
  2122 | D:4      | Reached XP level 5. HP: 12/29 MP: 7/7
  2241 | D:4      | HP: 7/30 [orc priest/+0 whip (1)]
  2242 | D:4      | HP: 2/30 [orc priest/nerve-wracking pain (5)]
  2246 | D:4      | Killed from afar by an orc priest

Levels and vault maps discovered:
D:1:      ncdulo_halloftheorcs, layout_basic, basic_ecumenical_altar,
          serial_shops, nicolae_shop_tiny_statue_garden,
          nicolae_shop_rolling_square, nicolae_shop_tiny_statue_garden,
          corner_web_ring
D:2:      layout_rooms, serial_shops, shop
D:3:      layout_basic, overflow_temple_1_default, serial_curves,
          eino_curves_04, eino_curves_03, eino_curves_04, eino_curves_02
D:4:      layout_basic, kennysheep_orc_chapel, uniq_robin

Skill      XL: |  1  2  3  4 |
---------------+-------------+-----
Ranged Weapons | 6 7 9 |  9.1
Fighting       | |  1.8
Dodging        | |  2.4
Stealth        | |  1.2

Action                     |  1- 3 |  4- 6 || total
---------------------------+-------+-------++-------
   Fire: Shortbow          |    79 |    68 ||   147
    Use: Scroll            |     8 |     2 ||    10
 Armour: Leather armour    |     7 |       ||     7
         Ring mail         |    11 |    30 ||    41
  Dodge: Dodged            |    10 |    29 ||    39

Table legend:
 A = Non-vault XP
 B = Vault XP
 C = Vault XP percentage of total XP
 D = Non-vault monster count
 E = Vault monster count
 F = Vault count percentage of total count
                 A         B        C        D         E       F
            +---------+---------+-------+---------+---------+-------
      Total |     309 |       3 |   1.0 |      45 |       1 |   2.2
            +---------+---------+-------+---------+---------+-------
        D:1 |      25 |       0 |   0.0 |      12 |       0 |   0.0
        D:2 |      70 |       0 |   0.0 |      13 |       0 |   0.0
        D:3 |      65 |       0 |   0.0 |      14 |       0 |   0.0
        D:4 |     149 |       3 |   2.0 |       6 |       1 |  14.3
            +---------+---------+-------+---------+---------+-------
